 Dungeon Crawl Stone Soup version 0.27.1-33-g824d729ab1 (webtiles) character file.

Game seed: 822019831551846020

506 DenSaoPin the Chopper (level 7, -3/57 HPs)
             Began as a Hill Orc Monk on Nov 25, 2021.
             Slain by an ogre (23 damage)
             ... on level 4 of the Dungeon.
             The game lasted 00:12:33 (5793 turns).

DenSaoPin the Chopper (Hill Orc Monk)               Turns: 5793, Time: 00:12:33

Health: -3/57      AC:  8    Str: 16    XL:     7   Next: 18%
Magic:  7/7        EV: 10    Int: 10    God:
Gold:   364        SH:  0    Dex: 13    Spells: 6/6 levels left

rFire    . . .     SeeInvis .   a - +0 hand axe
rCold    . . .     Faith    .   (no shield)
rNeg     . . .     Spirit   .   s - +0 scale mail
rPois    +         Reflect  .   (no helmet)
rElec    .         Harm     .   n - +0 cloak
rCorr    .         Rampage  .   (no gloves)
Will     .....                  (no boots)
Stlth    ..........             (no amulet)
HPRegen  0.19/turn              o - ring of poison resistance
MPRegen  0.10/turn              (no ring)

@: no status effects
A: no striking features
a: no special abilities


You were on level 4 of the Dungeon.
You visited 1 branch of the dungeon, and saw 5 of its levels.
You also visited: Sewer.

You collected 364 gold pieces.

Inventory:

Hand Weapons
 a - a +0 hand axe (weapon)
Armour
 b - a +0 robe
 e - a +0 ring mail
 n - a +0 cloak (worn)
 s - a +0 scale mail (worn)
Jewellery
 o - a ring of poison resistance (left hand)
Wands
 d - a wand of iceblast (7)
Scrolls
 c - 3 scrolls of enchant armour {unknown}
 f - a scroll of enchant weapon {unknown}
 h - a scroll of torment {unknown}
 j - a scroll of teleportation {unknown}
 l - 2 scrolls of brand weapon {unknown}
 m - a scroll of acquirement {unknown}
 q - 2 scrolls of fog {unknown}
 r - a scroll of holy word {unknown}
Potions
 g - a potion of invisibility {unknown}
 i - 3 potions of haste {unknown}
 k - a potion of flight
 p - a potion of cancellation {unknown}
 t - 2 potions of magic {unknown}
 u - a potion of mutation {unknown}


   Skills:
 - Level 3.6 Fighting
 + Level 7.9 Axes
 + Level 5.5 Armour
 - Level 2.4 Dodging
 - Level 1.5 Stealth


You had 6 spell levels left.
You didn't know any spells.
Your spell library was empty.

Dungeon Overview and Level Annotations

Branches:
Dungeon (5/15)              Sewer (visited)
 Temple: D:4-7

Altars:
Dithmenos
Makhleb
Nemelex Xobeh
Sif Muna
Wu Jian
Xom
The Shining One

Annotations:
D:4 2 transporters, Vivir's ghost, novice DDFi
D:5 Ijyb


Message History

Level annotation: Ijyb
There is a stone staircase leading up here.
The jelly hits you but does no damage.
You climb upwards.
Level annotation: 2 transporters, Vivir's ghost, novice DDFi
There is a stone staircase leading down, spattered with blood here.
You hit the jelly.
Your hands burn!
The jelly is moderately wounded.
The jelly hits you but does no damage.
You hit the jelly.
Your hands burn!
The jelly is severely wounded.
The jelly barely misses you.
You hit the jelly.
Your hands burn!
The jelly is almost dead.
The jelly hits you but does no damage.
You hit the jelly.
You kill the jelly!
There is a stone staircase leading down, spattered with blood here.
HP restored.
Partly explored, unvisited transporter.
You climb downwards.
Level annotation: Ijyb
There is a stone staircase leading up here.
The ogre closely misses you.
You climb upwards.
Level annotation: 2 transporters, Vivir's ghost, novice DDFi
There is a stone staircase leading down, spattered with blood here.
You hit the ogre but do no damage. You hit the ogre.
The ogre is moderately wounded.
The ogre hits you with a +0 giant spiked club!!
You hit the ogre.
The ogre is heavily wounded.
The ogre hits you with a +0 giant spiked club!!
You slash the ogre!
The ogre is severely wounded.
You hit the ogre.
The ogre is almost dead.
The ogre hits you with a +0 giant spiked club!!
You die...

#.# #......##### ##≈.#.
###.#### ##.###.# ##...
#......# ### #.# ##..
###.#.##.# ##'######## #.#
#........# ##.........###.#
#........# ##..............#
#...##...## ##.......#######.#
#.[.#.....####........#.....#.#
#............'@.....<.#.....#..
#.........####.O......#.._..'..
##.###.#.## ##.......#.....#.#
#.......# ##......#.....#.#
#####.### ##...#.#######.# #.#
##'##.........# #.#
#.############ #.# #.#
######### #.# ##.## #........


You could see an ogre.

Vanquished Creatures
  Purgy (Sewer)
  A scorpion (D:5)
  2 howler monkeys (D:5)
  2 hounds (D:4)
  A jelly (D:4)
  A hound skeleton (D:4)
  4 gnolls (D:4)
  3 adders
  A shadow imp (D:5)
  A white imp (D:5)
  4 worms
  8 orcs
  9 bats
  3 endoplasms
  3 giant cockroaches
  6 goblins (D:2)
  4 hobgoblins
  A jackal (D:2)
  7 quokkas
  6 ball pythons
  5 frilled lizards
  10 kobolds
  3 rats
86 creatures vanquished.

Vanquished Creatures (others)
  A fungus (D:2)
  4 plants (D:2)
5 creatures vanquished.

Grand Total: 91 creatures vanquished

Notes
Turn   | Place    | Note
-------+----------+-------------------------------------------
     0 | D:1      | DenSaoPin the Hill Orc Monk began the quest for the Orb.
     0 | D:1      | Reached XP level 1. HP: 19/19 MP: 1/1
   252 | D:1      | Reached skill level 1 in Armour
   310 | D:1      | Reached XP level 2. HP: 26/26 MP: 2/2
  1149 | D:2      | Reached XP level 3. HP: 30/31 MP: 3/3
  1253 | D:2      | Reached skill level 5 in Axes
  1434 | D:2      | Found a burning altar of Makhleb.
  1723 | D:2      | Found a faded altar of an unknown god.
  2197 | D:3      | Reached XP level 4. HP: 30/39 MP: 4/4
  2684 | D:3      | Found an ornate altar of the Wu Jian Council.
  2696 | D:3      | Found a glowing golden altar of the Shining One.
  2697 | D:3      | Found a shimmering blue altar of Sif Muna.
  2699 | D:3      | Found a sparkling altar of Nemelex Xobeh.
  3190 | D:4      | Found a glowing drain.
  3203 | D:4      | Reached XP level 5. HP: 34/45 MP: 5/5
  3352 | D:4      | Found a shimmering altar of Xom.
  3370 | Sewer    | Entered a sewer
  3424 | Sewer    | Noticed Purgy
  3458 | Sewer    | Killed Purgy
  3459 | Sewer    | Reached skill level 6 in Axes
  3718 | D:4      | Reached XP level 6. HP: 36/51 MP: 6/6
  3925 | D:4      | Found a transporter.
  3925 | D:4      | Noticed Vivir's ghost (novice DDFi)
  3946 | D:4      | Reached skill level 7 in Axes
  4576 | D:5      | Entered Level 5 of the Dungeon
  4754 | D:5      | Reached skill level 5 in Armour
  5083 | D:5      | Found a shadowy altar of Dithmenos.
  5094 | D:5      | Reached XP level 7. HP: 41/57 MP: 7/7
  5104 | D:5      | Noticed Ijyb
  5469 | D:4      | Found a transporter.
  5793 | D:4      | Slain by an ogre

Illustrated notes

Levels and vault maps discovered:
D:1:      mrwooster_arrival_arrow, layout_basic
D:2:      layout_basic, basic_altar, shapermc_ecumenical_altar_mp_ritualfount,
          minmay_small_reverse_x
D:3:      layout_loops_ring, minitemple
D:4:      layout_loops_corners, amcnicky_altar_gilded, gammafunk_ghost_arena,
          gup_sewer_entry_pipe, enter_ossuary_3
D:5:      layout_rooms, mainiacjoe_overflow_catwalk,
          minmay_temple_entry_drinking_statues, serial_shops, shop, uniq_ijyb

Skill      XL: |  1  2  3  4  5  6 |
---------------+-------------------+-----
Armour         | 1 2 3 4 5 |  5.5
Axes           | 5 6 7 |  7.9
Fighting       | |  3.6
Dodging        | |  2.4
Stealth        | |  1.5

Action                   |  1- 3 |  4- 6 |  7- 9 || total
-------------------------+-------+-------+-------++-------
Melee: Hand axe          |   129 |   233 |    34 ||   396
Evoke: Wand              |       |     2 |       ||     2
  Use: Potion            |       |     6 |       ||     6
Armor: Robe              |     2 |       |       ||     2
       Ring mail         |    34 |    11 |       ||    45
       Scale mail        |       |    69 |    15 ||    84
       Skin              |       |    40 |       ||    40
Dodge: Dodged            |    72 |   128 |    21 ||   221
